 Dungeon Crawl Stone Soup version 0.31-a0-149-g3fdcc5976a (webtiles) character file.

Game seed: 3343940524426341554

25048 qw the Marksminotaur (level 12, -1/121 HPs)
             Began as a Minotaur Hunter on June 7, 2023.
             Was an Elder of Okawaru.
             Slain by Kirke (7 damage)
             ... on level 4 of the Lair of Beasts.
             The game lasted 00:05:24 (12968 turns).

qw the Marksminotaur (Minotaur Hunter)             Turns: 12968, Time: 00:05:24

Health: -1/121     AC:  0    Str: 16    XL:     12   Next: 86%
Magic:  18/18      EV: 25    Int:  6    God:    Okawaru [****..]
Gold:   746        SH:  0    Dex: 19    Spells: 11/11 levels left

rFire   . . .        r - melded +3 longbow (heavy)
rCold   . . .        (shield currently unavailable)
rNeg    . . .        q - melded +4 robe of Augmentation {Str+4 Int+4 Dex+4}
rPois   .            (helmet currently unavailable)
rElec   .            s - melded scarf {rC+ rF+}
rCorr   .            h - melded +0 pair of gloves
SInv    .            a - melded +0 pair of boots
Will    .....        (no amulet)
Stlth   +++          u - melded ring of Life {EV+5 Str+3}
HPRegen 0.40/turn    m - melded +4 ring of slaying {mikee}
MPRegen 0.16/turn

%: no passive effects
@: about to teleport, pig-form, heroic, slowed
A: fast, no casting, small, (horns 2), (retaliatory headbutt), robust 1, subdued
magic 1
a: Renounce Religion, Heroism, Finesse


You were on level 4 of the Lair of Beasts.
You worshipped Okawaru.
Okawaru was greatly pleased with you.
You were a filthy swine.
You visited 3 branches of the dungeon, and saw 15 of its levels.
You also visited: Ossuary and Gauntlet.

You collected 746 gold pieces.


Innate Abilities, Weirdness & Mutations

You are a filthy swine.
You move quickly.
Your equipment is almost entirely melded.
You are incapable of wielding weapons or throwing items.
You cannot cast spells.
((You have a pair of horns on your head.))
((You reflexively headbutt those who attack you in melee.))
You are robust. (+10% HP)
Your spells are a little easier to cast, but a little less powerful.


   Skills:
 - Level 11.0(16.0) Fighting
 + Level 17.0(22.0) Ranged Weapons
 - Level 3.0(8.0) Armour
 - Level 9.1(14.1) Dodging
 - Level 0.7(5.7) Stealth
 - Level 10.0 Invocations


You had 11 spell levels left.
You didn't know any spells.
Your spell library was empty.

Inventory:

Hand Weapons
 j - a +1 arbalest of flaming
 r - a +3 heavy longbow (melded)
Armour
 a - a +0 pair of boots (melded)
 h - a +0 pair of gloves (melded)
 n - the +2 ring mail of Fyec {-Tele rF+++ rC+++ Int-5}
   (You found it on level 4 of the Dungeon)

   Int:       It affects your intelligence (-5).
   rF:        It renders you almost immune to fire.
   rC:        It renders you almost immune to cold.
   -Tele:     It prevents most forms of teleportation.
 q - the +4 robe of Augmentation (melded) {Str+4 Int+4 Dex+4}
   (You found it on level 7 of the Dungeon)

   Str:       It affects your strength (+4).
   Int:       It affects your intelligence (+4).
   Dex:       It affects your dexterity (+4).
 s - a scarf of resistance (melded)
Jewellery
 i - an amulet of faith
 m - a +4 ring of slaying (melded) {mikee}
 u - the ring of Life (melded) {EV+5 Str+3}
   (You found it in a Gauntlet)

   [ring of evasion]

   EV:        It affects your evasion (+5).
   Str:       It affects your strength (+3).
Wands
 c - a wand of digging (5)
Scrolls
 b - 5 scrolls of identify
 l - 2 scrolls of teleportation
Potions
 d - a potion of might
 f - a potion of haste
 g - 4 potions of mutation
 k - 8 potions of curing
 p - a potion of resistance

Dungeon Overview and Level Annotations

Branches:
Dungeon (10/15)            Temple (1/1) D:4            Lair (4/5) D:9
 Shoals (0/4) Lair:2       Spider (0/4) Lair:2      Ossuary (visited)
Gauntlet (visited)
  Slime: Lair:4-5       Orc: D:9-12

Altars:
Ashenzari
Cheibriados
Dithmenos
Elyvilon
Fedhas
Gozag
Hepliaklqana
Kikubaaqudgha
Makhleb
Nemelex Xobeh
Okawaru
Qazlal
Ru
Sif Muna
Trog
Uskayaw
Vehumet
Wu Jian
Xom
Yredelemnul
Zin
The Shining One

Annotations:
D:4 4 runed translucent doors, Crazy Yiuf; qw's ghost, amateur GrFi; qw's ghost, novice MiHu
D:8 2 transporters, qw's ghost, novice GrFi
Lair:2 1 runed translucent door
Lair:3 1 runed translucent door, qw's ghost, journeyman MiHu
Lair:4 Kirke


Message History

The wolf bites you. The hog closely misses you.
Kirke gestures at you while chanting.
You feel a momentary urge to oink. The wolf bites you.
You hit Kirke.
Kirke is severely wounded.
The wolf barely misses you. The hog bites you! The wolf bites you! x2
Kirke casts a spell.
Kirke summons a lindwurm!
The hog bites you. The wolf bites you!
You bite Kirke!
Kirke is severely wounded.
The wolf completely misses you. Kirke casts a spell at you.
You struggle to resist.
The wolf completely misses you. The hog completely misses you.
The wolf completely misses you.
Kirke casts a spell.
Kirke summons a lindwurm!
The wolf completely misses you. The wolf bites you.
You hit Kirke.
Kirke is severely wounded.
The hog barely misses you.
The wolf stops to sniff the ground.
The wolf completely misses you. The wolf barely misses you. The wolf bites you.
The hog completely misses you. The hog misses you. The wolf bites you.
Kirke points at you and mumbles some strange words.
You struggle to resist.
The wolf misses you. x2
You hit Kirke.
Kirke is almost dead.
The hog barely misses you. The wolf completely misses you.
The wolf misses you. x2
Kirke casts a spell at you.
You feel a momentary urge to oink. The hog bites you!
The wolf closely misses you. The wolf completely misses you. The hog bites you!
The wolf completely misses you.
12968 ||| READING 3 scrolls of teleportation.
As you read the scroll of teleportation, it crumbles to dust.
You feel strangely unstable. The wolf completely misses you.
The hog completely misses you.
The wolf barely misses you. x2; The hog bites you.
The hog closely misses you. Kirke closely misses you.
The hog completely misses you. The wolf completely misses you.
The wolf misses you. The wolf bites you! The hog bites you! The hog misses you.
Kirke hits you!
You die...

#.# ## .. # ###.#####.###..#..
.## ##..).............. .#.
#................$.
...####..P....#........P ....#
#..##...#..^....PP
....###%..##...#........
................hh......
..........?....hh@k.....
...............hhh......
................k.......
........................
........................
........##..............
...............................#
................#..............#
.....................#.........#


You could see Kirke, 2 lindwurms, 3 hogs and 3 wolves.

Vanquished Creatures
  Nessos (Lair:4)
  A minotaur (Gauntlet)
  3 hydras
  A boulder beetle (Lair:2)
  3 death yaks (D:9)
  Urug (Lair:4)
  A sixfirhy (Gauntlet)
  6 elephants (Lair:3)
  A black mamba (Lair:2)
  A cane toad (Lair:4)
  4 komodo dragons
  A rime drake (Lair:2)
  4 blink frogs (Lair:1)
  A hornet (D:7)
  2 polar bears (Lair:3)
  7 dream sheep (Lair:2)
  A spriggan (Lair:1)
  Sigmund (D:2)
  17 yaks
  3 wyverns
  Eustachio (D:4)
  Grum (Lair:1)
  3 hogs (Lair:4)
  A human (Lair:2)
  4 basilisks
  2 steam dragons (D:8)
  8 water moccasins
  An orc warrior (D:9)
  2 ogres
  2 black bears
  2 hornet zombies (Ossuary)
  2 ice beasts
  6 wolves
  9 centaurs
  3 phantoms
  7 bullfrogs
  3 wyvern zombies (Ossuary)
  6 scorpions
  13 wights
  11 killer bees
  5 howler monkeys
  6 bullfrog zombies (Ossuary)
  5 centaur zombies (Ossuary)
  A jelly (D:6)
  5 orc priests
  2 gnoll boudas
  3 hounds
  Jessica (D:3)
  5 iguanas
  16 mummies (Ossuary)
  Ijyb (D:3)
  9 orc wizards
  A killer bee zombie (Ossuary)
  3 howler monkey zombies (Ossuary)
  9 gnolls
  11 adders
  A white imp (D:7)
  6 ufetubi
  6 worms
  5 dart slugs
  27 orcs
  6 endoplasms
  5 giant cockroaches
  6 goblins
  8 hobgoblins
  3 jackals (D:2)
  5 kobolds
  A quokka (D:2)
  7 ball pythons
  2 bats (D:2)
  3 frilled lizards
  3 rats
  A butterfly (Lair:3)
325 creatures vanquished.

Vanquished Creatures (others)
  An angel (D:7)
  5 wights (D:7)
6 creatures vanquished.

Grand Total: 331 creatures vanquished

Notes
Turn   | Place    | Note
-------+----------+-------------------------------------------
     0 | D:1      | qw the Minotaur Hunter began the quest for the Orb.
     0 | D:1      | Reached XP level 1. HP: 18/18 MP: 0/0
     0 | D:1      | 0 ||| qw: Version: 0.2-a-117-gc6b5c8b
     0 | D:1      | 0 ||| qw: Game counter: 2579
     0 | D:1      | 0 ||| qw: Always use a shield: true
     0 | D:1      | 0 ||| qw: God list: Okawaru
     0 | D:1      | 0 ||| qw: Allow faded altars: false
     0 | D:1      | 0 ||| qw: Do Orc after D:15 true
     0 | D:1      | 0 ||| qw: Do second Lair branch before Depths: true
     0 | D:1      | 0 ||| qw: Lair rune preference: random
     0 | D:1      | 0 ||| qw: Plans: Normal
     0 | D:1      | 0 ||| PLANNING D:1-11
   433 | D:1      | Reached XP level 2. HP: 24/25 MP: 1/1
   631 | D:1      | 631 ||| UPGRADING to +0 ring mail.
   641 | D:1      | 641 ||| DROPPING +0 leather armour.
   642 | D:1      | 642 ||| UPGRADING to +0 pair of gloves.
   647 | D:1      | 647 ||| READING scroll labelled JAUXKEOBBE.
   648 | D:1      | 648 ||| DROPPING scroll of butterflies.
   678 | D:2      | 678 ||| STAIRDANCE
   754 | D:2      | Reached skill level 1 in Armour
   934 | D:2      | Reached skill level 5 in Ranged Weapons
   990 | D:2      | Noticed Sigmund
   999 | D:2      | Killed Sigmund
  1000 | D:2      | Reached XP level 3. HP: 37/37 MP: 2/2
  1000 | D:2      | Reached XP level 4. HP: 44/44 MP: 3/3
  1000 | D:2      | Reached XP level 5. HP: 50/50 MP: 4/4
  1858 | D:2      | Found a faded altar of an unknown god.
  1889 | D:2      | 1889 ||| READING scroll labelled EROOMMIURCH.
  1890 | D:2      | 1890 ||| READING scroll labelled FUDGHU YBOTIST.
  2001 | D:3      | Found a hazy altar of Hepliaklqana.
  2104 | D:3      | Noticed Jessica
  2105 | D:3      | 2105 ||| Stepping ~*~*~tactically~*~*~ (outnumbered).
  2111 | D:3      | Killed Jessica
  2112 | D:3      | Reached XP level 6. HP: 51/57 MP: 5/5
  2245 | D:3      | Noticed Ijyb
  2256 | D:3      | Killed Ijyb
  2257 | D:3      | Reached skill level 6 in Ranged Weapons
  2371 | D:3      | 2371 ||| FLEEEEING.
  2372 | D:3      | 2372 ||| FLEEEEING.
  2628 | D:3      | Found a blossoming altar of Fedhas.
  2753 | D:3      | 2753 ||| READING scroll labelled YLAJOL ZOATHO.
  2754 | D:3      | 2754 ||| READING 4 scrolls labelled JUMIOT VOSHREMA.
  2755 | D:3      | 2755 ||| READING scroll labelled DAEREGIAVO.
  2756 | D:3      | 2756 ||| READING 3 scrolls of identify.
  2756 | D:3      | 2756 ||| IDENTIFYING coppery potion
  2757 | D:3      | 2757 ||| READING 2 scrolls of identify.
  2757 | D:3      | 2757 ||| IDENTIFYING black potion
  2773 | D:4      | 2773 ||| STAIRDANCE
  2825 | D:4      | 2825 ||| STAIRDANCE
  2832 | D:4      | 2832 ||| STAIRDANCE
  2916 | D:4      | 2916 ||| STAIRDANCE
  3097 | D:4      | Noticed Eustachio
  3137 | D:4      | 3137 ||| FLEEEEING.
  3138 | D:4      | 3138 ||| FLEEEEING.
  3139 | D:4      | 3139 ||| FLEEEEING.
  3141 | D:4      | 3141 ||| FLEEEEING.
  3142 | D:4      | 3142 ||| FLEEEEING.
  3143 | D:4      | 3143 ||| FLEEEEING.
  3144 | D:4      | 3144 ||| FLEEEEING.
  3145 | D:4      | 3145 ||| FLEEEEING.
  3146 | D:4      | 3146 ||| FLEEEEING.
  3159 | D:4      | 3159 ||| FLEEEEING.
  3164 | D:4      | 3164 ||| FLEEEEING.
  3165 | D:4      | 3165 ||| FLEEEEING.
  3166 | D:4      | 3166 ||| FLEEEEING.
  3167 | D:4      | 3167 ||| FLEEEEING.
  3168 | D:4      | 3168 ||| FLEEEEING.
  3174 | D:4      | 3174 ||| FLEEEEING.
  3187 | D:4      | Killed Eustachio
  3188 | D:4      | Reached skill level 7 in Ranged Weapons
  3188 | D:4      | Reached XP level 7. HP: 20/62 MP: 6/6
  3380 | D:4      | Found a runed translucent gate.
  3380 | D:4      | Found a runed translucent gate.
  3380 | D:4      | Found a runed translucent gate.
  3394 | D:4      | Noticed qw's ghost (novice MiHu)
  3394 | D:4      | Noticed qw's ghost (amateur GrFi)
  3397 | D:4      | Noticed qw's ghost (amateur GrFi)
  3450 | D:4      | Found a staircase to the Ecumenical Temple.
  3451 | D:4      | 3451 ||| PLANNING TEMPLE
  3453 | D:4      | 3453 ||| UPGRADING to +0 pair of boots.
  3469 | D:4      | Reached skill level 3 in Armour
  3474 | D:4      | 3474 ||| UPGRADING to ring of positive energy.
  3503 | Temple   | Entered the Ecumenical Temple
  3664 | Temple   | 3664 ||| PLANNING OKAWARU WORSHIP
  3719 | Temple   | Became a worshipper of Warmaster Okawaru
  3719 | Temple   | 3719 ||| PLANNING D:1-11
  3847 | D:4      | Identified the +3 hammer of Eternal Vigilance {venom, rElec
                  | Str+5 Dex+2 Stlth-}
  3850 | D:4      | Found a runed translucent door.
  3851 | D:4      | Noticed Crazy Yiuf
  4058 | D:4      | Identified the +2 ring mail of Fyec {-Tele rF+++ rC+++
                  | Int-5}
  4190 | D:4      | 4190 ||| UPGRADING to +2 ring mail of willpower.
  4200 | D:4      | 4200 ||| DROPPING +0 ring mail.
  4201 | D:4      | 4201 ||| READING scroll labelled HIESSA SIPNAI.
  4202 | D:4      | 4202 ||| DRINKING 2 clear potions.
  4208 | D:5      | Entered Level 5 of the Dungeon
  4209 | D:5      | Identified the +5 dagger of Okawaru's Pride {heavy, Dex+3}
  4240 | D:5      | Reached skill level 8 in Ranged Weapons
  4257 | D:5      | Found a stormy altar of Qazlal.
  4265 | D:5      | Reached skill level 3 in Dodging
  4405 | D:5      | Found an opulent altar of Gozag.
  4459 | D:5      | Found a shadowy altar of Dithmenos.
  4555 | D:5      | Reached skill level 9 in Ranged Weapons
  4555 | D:5      | Reached XP level 8. HP: 43/70 MP: 7/7
  4643 | D:5      | Found a sparkling altar of Nemelex Xobeh.
  4666 | D:5      | Reached skill level 6 in Fighting
  4669 | D:5      | Reached * piety under Okawaru
  4880 | D:5      | 4880 ||| INVOKING Heroism.
  5038 | D:5      | 5038 ||| UPGRADING to ring of resist corrosion.
  5039 | D:5      | 5039 ||| READING scroll labelled VABATA IDON.
  5140 | D:5      | 5140 ||| READING scroll labelled ODAUSIRCHOU.
  5140 | D:5      | Identified a scroll of acquirement
  5140 | D:5      | 5140 ||| ACQUIRING +0 longbow of draining
  5140 | D:5      | Acquired a +0 longbow of draining
  5142 | D:5      | 5142 ||| SWAPPING to +0 longbow of draining.
  5143 | D:5      | 5143 ||| DROPPING +0 shortbow.
  5217 | D:6      | Reached skill level 10 in Ranged Weapons
  5309 | D:6      | Reached skill level 1 in Invocations
  5309 | D:6      | 5309 ||| INVOKING Heroism.
  5641 | D:6      | 5641 ||| INVOKING Heroism.
  5718 | D:6      | 5718 ||| INVOKING Heroism.
  5773 | D:6      | Found a shimmering blue altar of Sif Muna.
  5889 | D:6      | 5889 ||| DRINKING 2 red potions.
  5889 | D:6      | Gained mutation: Your spells are a little easier to cast,
                  | but a little less powerful. [potion of mutation]
  5889 | D:6      | Gained mutation: Your muscles are strong. (Str +4, Int/Dex
                  | -1) [potion of mutation]
  5889 | D:6      | Lost mutation: Your muscles are strong. (Str +4, Int/Dex
                  | -1) [potion of mutation]
  5889 | D:6      | Gained mutation: You are robust. (+10% HP) [potion of
                  | mutation]
  5908 | D:6      | 5908 ||| READING 2 scrolls of identify.
  5908 | D:6      | 5908 ||| IDENTIFYING inky potion
  5909 | D:6      | 5909 ||| DROPPING potion of lignification.
  6009 | D:7      | Found a glowing golden altar of the Shining One.
  6124 | D:7      | Reached skill level 3 in Invocations
  6131 | D:7      | Reached XP level 9. HP: 80/86 MP: 10/10
  6239 | D:7      | 6239 ||| INVOKING Heroism.
  6397 | D:7      | Reached skill level 11 in Ranged Weapons
  6548 | D:7      | Found a shimmering altar of Xom.
  6551 | D:7      | Noticed an angel
  6555 | D:7      | Found a glowing silver altar of Zin.
  6623 | D:7      | Found the +4 robe of Augmentation {Str+4 Int+4 Dex+4}
  6736 | D:7      | 6736 ||| UPGRADING to +4 robe of Augmentation {Str+4 Int+4
                  | Dex+4}.
  6740 | D:7      | Killed an angel
  6746 | D:7      | 6746 ||| DROPPING +2 ring mail of willpower.
  6747 | D:7      | 6747 ||| READING 2 scrolls of identify.
  6747 | D:7      | 6747 ||| IDENTIFYING pink potion
  6748 | D:7      | 6748 ||| DROPPING potion of invisibility.
  6768 | D:8      | 6768 ||| PLANNING OSSUARY
  6771 | D:8      | Reached ** piety under Okawaru
  6773 | D:8      | 6773 ||| STAIRDANCE
  6776 | D:7      | 6776 ||| INVOKING Heroism.
  6974 | D:8      | Found a sand-covered staircase.
  6981 | Ossuary  | Entered an ossuary
  6986 | Ossuary  | 6986 ||| FLEEEEING.
  7034 | Ossuary  | 7034 ||| INVOKING Heroism.
  7039 | Ossuary  | Reached skill level 6 in Dodging
  7057 | Ossuary  | 7057 ||| INVOKING Heroism.
  7061 | Ossuary  | Reached skill level 12 in Ranged Weapons
  7198 | Ossuary  | 7198 ||| INVOKING Heroism.
  7222 | Ossuary  | 7222 ||| FLEEEEING.
  7320 | Ossuary  | Reached XP level 10. HP: 96/96 MP: 12/12
  7499 | Ossuary  | 7499 ||| UPGRADING to ring of protection from cold.
  7501 | Ossuary  | 7501 ||| READING scroll labelled ENLIBL HUXKOEN.
  7630 | Ossuary  | 7630 ||| READING scroll labelled DONITO CELEBOSS.
  7631 | Ossuary  | 7631 ||| DRINKING 2 fuming purple potions.
  7632 | Ossuary  | 7632 ||| READING 4 scrolls of identify.
  7632 | Ossuary  | 7632 ||| IDENTIFYING glowing inky potion
  7633 | Ossuary  | 7633 ||| DROPPING potion of enlightenment.
  7634 | Ossuary  | 7634 ||| DROPPING potion of berserk rage.
  7645 | D:8      | 7645 ||| PLANNING D:1-11
  7658 | D:8      | Noticed a toenail golem
  7674 | D:8      | Found a transporter.
  7780 | D:8      | Found a snail-covered altar of Cheibriados.
  7800 | D:8      | Noticed qw's ghost (novice GrFi)
  7808 | D:8      | Found a transporter.
  7842 | D:8      | Noticed a purple ugly thing
  7954 | D:8      | 7954 ||| INVOKING Heroism.
  7980 | D:8      | 7980 ||| INVOKING Heroism.
  8459 | D:8      | 8459 ||| UPGRADING to +4 ring of slaying {mikee}.
  8461 | D:8      | 8461 ||| UPGRADING to ring of protection from cold.
  8463 | D:8      | 8463 ||| READING 3 scrolls of identify.
  8463 | D:8      | 8463 ||| IDENTIFYING grey potion
  8464 | D:8      | 8464 ||| DROPPING potion of ambrosia.
  8539 | D:9      | 8539 ||| INVOKING Heroism.
  8583 | D:9      | Noticed a death yak
  8584 | D:9      | 8584 ||| INVOKING Heroism.
  8587 | D:9      | Reached skill level 13 in Ranged Weapons
  8590 | D:9      | Killed a death yak
  8590 | D:9      | Noticed a death yak
  8591 | D:9      | Reached skill level 9 in Fighting
  8592 | D:9      | Noticed a death yak
  8594 | D:9      | Killed a death yak
  8594 | D:9      | Reached *** piety under Okawaru
  8599 | D:9      | Killed a death yak
  8600 | D:9      | Reached skill level 14 in Ranged Weapons
  8601 | D:9      | Reached **** piety under Okawaru
  8611 | D:9      | Found a staircase to the Lair.
  8795 | D:9      | Found a burning altar of Makhleb.
  9061 | D:9      | 9061 ||| READING scroll labelled UGUYTUA BUYHOE.
  9064 | D:9      | 9064 ||| READING scroll labelled PIXEVE VECICK.
  9100 | D:10     | Entered Level 10 of the Dungeon
  9122 | D:10     | 9122 ||| Stepping ~*~*~tactically~*~*~ (outnumbered).
  9129 | D:10     | 9129 ||| FLEEEEING.
  9133 | D:10     | 9133 ||| STAIRDANCE
  9234 | D:10     | Reached XP level 11. HP: 106/106 MP: 13/13
  9385 | D:9      | 9385 ||| PLANNING LAIR
  9455 | Lair:1   | Entered Level 1 of the Lair of Beasts
  9483 | Lair:1   | 9483 ||| INVOKING Heroism.
  9558 | Lair:1   | 9558 ||| FLEEEEING.
  9559 | Lair:1   | 9559 ||| FLEEEEING.
  9561 | Lair:1   | 9561 ||| STAIRDANCE
  9713 | Lair:1   | Noticed an eight-headed hydra
  9714 | Lair:1   | 9714 ||| INVOKING Heroism.
  9719 | Lair:1   | Killed an eight-headed hydra
  9719 | Lair:1   | Reached ***** piety under Okawaru
  9720 | Lair:1   | Reached skill level 6 in Invocations
  9807 | Lair:1   | 9807 ||| DRINKING 2 potions of cancellation.
  9934 | Lair:1   | Received a gift from Okawaru
 10006 | Lair:1   | 10006 ||| INVOKING Heroism.
 10052 | Lair:1   | 10052 ||| INVOKING Heroism.
 10052 | Lair:1   | Noticed Grum
 10053 | Lair:1   | 10053 ||| INVOKING Finesse.
 10059 | Lair:1   | Killed Grum
 10153 | Lair:1   | 10153 ||| READING scroll of enchant weapon.
 10153 | Lair:1   | 10153 ||| ENCHANTING +1 longbow of draining.
 10369 | Lair:1   | 10369 ||| READING scroll labelled UDWUBEWALE.
 10370 | Lair:1   | 10370 ||| READING scroll labelled EFELOT SOFIOL.
 10372 | Lair:1   | 10372 ||| Stepping ~*~*~tactically~*~*~ (cloud).
 10476 | Lair:2   | 10476 ||| INVOKING Heroism.
 10499 | Lair:2   | Noticed a boulder beetle
 10506 | Lair:2   | Killed a boulder beetle
 10507 | Lair:2   | Reached skill level 15 in Ranged Weapons
 10555 | Lair:2   | 10555 ||| INVOKING Heroism.
 10619 | Lair:2   | 10619 ||| INVOKING Heroism.
 10624 | Lair:2   | Reached XP level 12. HP: 116/116 MP: 14/17
 10755 | Lair:2   | 10755 ||| INVOKING Heroism.
 10788 | Lair:2   | Reached skill level 9 in Dodging
 10791 | Lair:2   | Found a staircase to the Shoals.
 10830 | Lair:2   | Found a hole to the Spider Nest.
 11024 | Lair:2   | Reached skill level 9 in Invocations
 11042 | Lair:2   | Found a runed translucent door.
 11172 | Lair:2   | Noticed a tentacled starspawn
 11174 | Lair:2   | 11174 ||| DROPPING ring of magical power.
 11175 | Lair:2   | 11175 ||| READING 2 scrolls labelled YLILUZX EMANU.
 11176 | Lair:2   | 11176 ||| READING scroll of brand weapon.
 11176 | Lair:2   | 11176 ||| BRANDING +2 longbow of electrocution.
 11177 | Lair:2   | 11177 ||| DROPPING +1 hand crossbow of flaming.
 11207 | Lair:3   | Noticed a five-headed hydra
 11208 | Lair:3   | 11208 ||| INVOKING Heroism.
 11214 | Lair:3   | Killed a five-headed hydra
 11400 | Lair:3   | Found a runed translucent door.
 11430 | Lair:3   | 11430 ||| DRINKING potion of cancellation.
 11636 | Lair:3   | Noticed a six-headed hydra
 11637 | Lair:3   | 11637 ||| INVOKING Heroism.
 11642 | Lair:3   | Killed a six-headed hydra
 11732 | Lair:3   | 11732 ||| INVOKING Heroism.
 11794 | Lair:3   | Received a gift from Okawaru
 11795 | Lair:3   | Reached skill level 16 in Ranged Weapons
 11806 | Lair:3   | 11806 ||| DROPPING +5 triple crossbow of freezing.
 11929 | Lair:3   | Noticed qw's ghost (journeyman MiHu)
 11991 | Lair:3   | 11991 ||| DRINKING 2 murky orange potions.
 11992 | Lair:3   | 11992 ||| DRINKING 2 lumpy yellow potions.
 12014 | Lair:4   | 12014 ||| PLANNING GAUNTLET
 12017 | Lair:4   | Found a gate leading to a gauntlet.
 12023 | Lair:4   | Noticed Nessos
 12024 | Lair:4   | 12024 ||| INVOKING Finesse.
 12026 | Lair:4   | Noticed Urug
 12027 | Lair:4   | 12027 ||| INVOKING Heroism.
 12032 | Lair:4   | Killed Nessos
 12035 | Lair:4   | Killed Urug
 12103 | Lair:4   | 12103 ||| SWAPPING to +3 longbow of flaming.
 12104 | Lair:4   | 12104 ||| DROPPING +2 longbow of flaming.
 12106 | Gauntlet | Entered a Gauntlet
 12106 | Gauntlet | Found a transporter.
 12106 | Gauntlet | Found a runed translucent door.
 12106 | Gauntlet | Found a runed translucent door.
 12113 | Gauntlet | Found a transporter.
 12116 | Gauntlet | Found a transporter.
 12127 | Gauntlet | Found a transporter.
 12130 | Gauntlet | Found a transporter.
 12139 | Gauntlet | Found a transporter.
 12154 | Gauntlet | Found a transporter.
 12165 | Gauntlet | Found a transporter.
 12175 | Gauntlet | Noticed a cacodemon
 12176 | Gauntlet | Found a transporter.
 12191 | Gauntlet | Found a transporter.
 12205 | Gauntlet | Found a transporter.
 12249 | Gauntlet | Found a transporter.
 12251 | Gauntlet | Found a transporter.
 12267 | Gauntlet | Found a transporter.
 12364 | Gauntlet | 12364 ||| UPGRADING to scarf of resistance.
 12405 | Gauntlet | 12405 ||| READING scroll of brand weapon.
 12405 | Gauntlet | 12405 ||| BRANDING +3 longbow of flaming.
 12406 | Gauntlet | 12406 ||| DROPPING +0 pair of boots of rampaging.
 12426 | Gauntlet | Noticed a minotaur
 12427 | Gauntlet | 12427 ||| INVOKING Heroism.
 12428 | Gauntlet | 12428 ||| INVOKING Finesse.
 12438 | Gauntlet | Killed a minotaur
 12485 | Gauntlet | Identified the +7 long sword of Unreason {speed, Drain rN+
                  | Dex+2}
 12485 | Gauntlet | Identified the ring of Life {EV+5 Str+3}
 12581 | Gauntlet | 12581 ||| DROPPING +2 ring mail of poison resistance.
 12582 | Gauntlet | 12582 ||| DROPPING ring of resist corrosion.
 12583 | Gauntlet | 12583 ||| DROPPING ring of positive energy.
 12584 | Gauntlet | 12584 ||| UPGRADING to ring of Life {EV+5 Str+3}.
 12586 | Gauntlet | 12586 ||| UPGRADING to +4 ring of slaying {mikee}.
 12588 | Gauntlet | 12588 ||| DROPPING ring of protection from cold.
 12620 | Lair:4   | 12620 ||| PLANNING LAIR
 12632 | Lair:4   | Noticed Kirke
 12633 | Lair:4   | 12633 ||| INVOKING Heroism.
 12636 | Lair:4   | Received a gift from Okawaru
 12638 | Lair:4   | Reached skill level 17 in Ranged Weapons
 12648 | Lair:4   | 12648 ||| INVOKING Heroism.
 12648 | Lair:4   | HP: 27/121 [Kirke (10)]
 12649 | Lair:4   | 12649 ||| READING 3 scrolls of teleportation.
 12649 | Lair:4   | HP: 13/121 [hog[Kirke] (2)]
 12650 | Lair:4   | 12650 ||| DRINKING 2 potions of heal wounds.
 12650 | Lair:4   | HP: 6/121 [cane toad (16)]
 12651 | Lair:4   | 12651 ||| DRINKING potion of heal wounds.
 12660 | Lair:4   | 12660 ||| FLEEEEING.
 12661 | Lair:4   | 12661 ||| FLEEEEING.
 12662 | Lair:4   | 12662 ||| FLEEEEING.
 12663 | Lair:4   | 12663 ||| STAIRDANCE
 12937 | Lair:4   | 12937 ||| READING scroll of acquirement.
 12937 | Lair:4   | 12937 ||| ACQUIRING +1 arbalest of flaming
 12937 | Lair:4   | Acquired a +1 arbalest of flaming
 12939 | Lair:4   | 12939 ||| DROPPING +0 shortbow of flaming.
 12955 | Lair:4   | 12955 ||| INVOKING Heroism.
 12967 | Lair:4   | HP: 28/121 [hog[Kirke] (12)]
 12968 | Lair:4   | 12968 ||| READING 3 scrolls of teleportation.
 12968 | Lair:4   | HP: 13/121 [wolf (9)]
 12968 | Lair:4   | HP: 6/121 [hog[Kirke] (7)]
 12968 | Lair:4   | Slain by Kirke

Levels and vault maps discovered:
D:1:      minmay_arrival_semitransparent, layout_rooms, nicolae_hexahallways
D:2:      layout_basic, dilly_ecumenical_altar_fadedgnrine, uniq_sigmund
D:3:      layout_basic, nicolae_overflow_crystal_walls, fedhas_altar_1,
          uniq_ijyb, uniq_jessica
D:4:      layout_basic, minmay_temple_entry_ruins, gammafunk_ghost_cemetery,
          uniq_crazy_yiuf_cottage, uniq_eustachio
D:5:      layout_basic, nemelex_dance_club_becter,
          mainiacjoe_overflow_small_starburst,
          mainiacjoe_overflow_cross_hatched, mainiacjoe_overflow_alcove_4
D:6:      layout_loops_cross, mainiacjoe_overflow_brackets
D:7:      layout_basic, grunt_temple_overflow_order_and_chaos_1, tso_metal_star
D:8:      layout_basic, slow_altar_1, gammafunk_ghost_abyssal_escape,
          nicolae_ossuary_entry_monument, kennysheep_generic_room_3
D:9:      layout_basic, nicolae_overflow_hidden_temple, dpeg_lair_monsters
D:10:     layout_irregular_city, gammafunk_ghost_split
Temple:   dpeg_chambers_temple
Lair:1:   layout_small_grid, chequers_serial_rivers_small_a,
          grunt_forest_small_clearings, wad_woods_03, uniq_grum
Lair:2:   layout_misc_corridors, minmay_shoals_entry_centaurs,
          nicolae_spider_entry_non_spiders, pdpol_lair_cabin_in_the_woods
Lair:3:   layout_chaotic_city, ebering_ghost_reflecting_pool,
          chequers_serial_rivers_micro_d, forest_entry_grove,
          infiniplex_staircase_pool_2, lemuel_fruit_fields
Lair:4:   layout_cave_shapes, nicolae_slime_entry_slimehenge,
          gauntlet_entry_generic, patterned_corridor, lemuel_fruit_tree,
          serial_bayou_shore_a, grunt_megastairs_3, uniq_kirke, uniq_nessos,
          uniq_urug

Skill      XL: |  1  2  3  4  5  6  7  8  9 10 11 12 |
---------------+-------------------------------------+-----
Armour         | 1 3 |  3.0
Ranged Weapons | 5 7 9 10 12 14 15 17 | 17.0
Fighting       | 5 7 8 9 10 11 | 11.0
Dodging        | 3 6 7 8 9 |  9.1
Invocations    | 3 4 8 10 | 10.0
Stealth        | |  0.7

Action                     |  1- 3 |  4- 6 |  7- 9 | 10-12 || total
---------------------------+-------+-------+-------+-------++-------
  Melee: Unarmed           |       |       |       |    15 ||    15
   Fire: Shortbow          |    54 |   214 |   140 |       ||   408
         Longbow           |       |       |   257 |   425 ||   682
 Invoke: Heroism           |       |       |     9 |    20 ||    29
         Finesse           |       |       |       |     3 ||     3
    Use: Scroll            |     1 |     7 |     5 |    15 ||    28
         Potion            |       |       |     2 |     7 ||     9
 Armour: Ring mail         |     9 |    54 |    53 |       ||   116
         Robe              |       |       |    15 |    19 ||    34
  Dodge: Dodged            |    15 |    76 |   143 |   157 ||   391

Table legend:
 A = Non-vault XP
 B = Vault XP
 C = Vault XP percentage of total XP
 D = Non-vault monster count
 E = Vault monster count
 F = Vault count percentage of total count
                 A         B        C        D         E       F
            +---------+---------+-------+---------+---------+-------
      Total |   23070 |   12714 |  35.5 |     234 |      90 |  27.8
            +---------+---------+-------+---------+---------+-------
        D:1 |      14 |       0 |   0.0 |       9 |       0 |   0.0
        D:2 |     103 |     223 |  68.4 |      23 |       1 |   4.2
        D:3 |     116 |      73 |  38.6 |      20 |       2 |   9.1
        D:4 |     209 |     203 |  49.3 |      17 |       1 |   5.6
        D:5 |     590 |     132 |  18.3 |      16 |       2 |  11.1
        D:6 |     900 |       0 |   0.0 |      20 |       0 |   0.0
        D:7 |    1562 |       0 |   0.0 |      32 |       0 |   0.0
        D:8 |     617 |     177 |  22.3 |      14 |       2 |  12.5
        D:9 |    1414 |    3058 |  68.4 |      19 |       6 |  24.0
       D:10 |    1127 |       0 |   0.0 |       9 |       0 |   0.0
     Lair:1 |    5083 |     959 |  15.9 |      23 |       6 |  20.7
     Lair:2 |    4537 |    1260 |  21.7 |      13 |      16 |  55.2
     Lair:3 |    6036 |    1000 |  14.2 |      15 |       7 |  31.8
     Lair:4 |     762 |    2427 |  76.1 |       4 |       5 |  55.6
    Ossuary |       0 |    1429 | 100.0 |       0 |      36 | 100.0
   Gauntlet |       0 |    1773 | 100.0 |       0 |       6 | 100.0
            +---------+---------+-------+---------+---------+-------
